[ AOE2 MATCH · #505491105 ]
UnrankedBohemians vs Teutons
Player's team · WIN
Rival team · LOSS
[ REPLAY ANALYSIS · EXTRACTED FROM THE RECORDED GAME ]
Feudal
10:06
Castle
14:12
Imperial
37:59
| APM avg | 27.0 |
| APM peak | 80 |
| eAPM avg | 15.0 |
| Villagers / military | 71 / 38 |
Focus
⚔️ 27.2% · 🌾 72.8%
Hussite Wagon ×14 · Monk ×9 · Mangonel ×7 · Scorpion ×6 · Trebuchet (Packed) ×2
Feudal
9:17
Castle
26:37
Imperial
—
| APM avg | 68.1 |
| APM peak | 98 |
| eAPM avg | 43.9 |
| Villagers / military | 147 / 90 |
Focus
⚔️ 37.2% · 🌾 62.8%
Knight ×43 · Scout Cavalry ×15 · Battering Ram ×14 · Archer ×12 · Monk ×5 · Mangonel ×1
Match map
Initial resources + every placement click. Lines = walls · curves = elevation contours. ◆ gold · ⬟ stone · ● berries · ✦ relic · ◌ wall gap
Your base· ✓ Closed at 14:12 · 37t walls · 3 gate(s)
张献忠's base· ✓ Closed at 26:37 · 0t walls · 3 gate(s)
Smoothed initial terrain · ◌ = detected wall gap · hover for details
Inputs per minute
— Lord Snow - - 张献忠
Build order — Lord Snow
First 150 of 183 actions detected
| 0:00 | Create | Villager (Male) |
| 0:00 | Create | Villager (Male) |
| 0:00 | Create | Villager (Male) |
| 0:01 | Create | Villager (Male) |
| 0:04 | Build | House |
| 0:06 | Build | House |
| 1:40 | Create | Villager (Male) |
| 1:40 | Create | Villager (Male) |
| 2:19 | Create | Villager (Male) |
| 2:41 | Build | Lumber Camp |
| 2:47 | Create | Villager (Male) |
| 2:59 | Build | House |
| 3:01 | Build | House |
| 3:10 | Create | Villager (Male) |
| 3:23 | Create | Villager (Male) |
| 3:48 | Create | Villager (Male) |
| 3:51 | Create | Villager (Male) |
| 4:37 | Create | Villager (Male) |
| 4:56 | Create | Villager (Male) |
| 5:13 | Build | Mill |
| 5:18 | Create | Villager (Male) |
| 5:37 | Create | Villager (Male) |
| 5:55 | Create | Villager (Male) |
| 6:29 | Build | Mill |
| 6:31 | Create | Villager (Male) |
| 6:58 | Create | Villager (Male) |
| 7:35 | Research | Loom |
| 7:38 | Build | Mining Camp |
| 7:55 | Research | Feudal Age |
| 7:58 | Research | Loom |
| 8:01 | Create | Villager (Male) |
| 10:06 | Age | Feudal Age |
| 10:13 | Build | Stone Wall |
| 10:16 | Build | Stone Wall |
| 10:17 | Build | Stone Wall |
| 10:23 | Build | Market |
| 10:27 | Build | Blacksmith |
| 10:32 | Build | Blacksmith |
| 10:38 | Build | Stone Wall |
| 10:41 | Build | Stone Wall |
| 11:32 | Research | Castle Age |
| 12:23 | Build | Mining Camp |
| 13:02 | Build | Stone Wall |
| 13:37 | Build | Stone Wall |
| 13:47 | Build | Stone Wall |
| 14:02 | Create | Villager (Male) |
| 14:03 | Create | Villager (Male) |
| 14:12 | Age | Castle Age |
| 14:16 | Build | Siege Workshop |
| 14:32 | Create | Villager (Male) |
| 14:54 | Create | Mangonel |
| 14:58 | Build | House |
| 15:04 | Build | House |
| 15:08 | Create | Villager (Male) |
| 15:21 | Create | Mangonel |
| 15:47 | Create | Villager (Male) |
| 15:59 | Create | Mangonel |
| 16:31 | Create | Villager (Male) |
| 16:31 | Create | Villager (Male) |
| 16:32 | Create | Villager (Male) |
| 16:45 | Build | Farm |
| 16:59 | Build | Farm |
| 17:05 | Build | Farm |
| 17:26 | Build | Farm |
| 17:32 | Create | Villager (Male) |
| 18:05 | Create | Scorpion |
| 18:06 | Create | Scorpion |
| 18:09 | Build | House |
| 18:10 | Build | House |
| 18:11 | Build | House |
| 18:11 | Build | House |
| 18:11 | Build | House |
| 18:42 | Create | Scorpion |
| 18:45 | Create | Villager (Male) |
| 18:45 | Create | Villager (Male) |
| 19:49 | Create | Villager (Male) |
| 19:49 | Create | Villager (Male) |
| 20:47 | Create | Mangonel |
| 20:51 | Create | Villager (Male) |
| 20:51 | Create | Villager (Male) |
| 21:02 | Create | Mangonel |
| 21:13 | Create | Villager (Male) |
| 21:21 | Build | Farm |
| 22:03 | Create | Mangonel |
| 22:08 | Create | Villager (Male) |
| 22:08 | Create | Villager (Male) |
| 22:08 | Create | Villager (Male) |
| 23:04 | Create | Mangonel |
| 23:42 | Create | Villager (Male) |
| 23:42 | Create | Villager (Male) |
| 23:46 | Build | House |
| 24:03 | Create | Villager (Male) |
| 24:07 | Build | House |
| 24:07 | Build | House |
| 24:08 | Build | House |
| 24:38 | Create | Scorpion |
| 24:38 | Create | Scorpion |
| 24:38 | Create | Scorpion |
| 25:17 | Build | Gate |
| 25:57 | Create | Villager (Male) |
| 25:57 | Create | Villager (Male) |
| 25:57 | Create | Villager (Male) |
| 26:02 | Build | Farm |
| 26:03 | Build | Farm |
| 26:03 | Build | Farm |
| 26:03 | Build | Farm |
| 26:03 | Build | Farm |
| 26:03 | Build | Farm |
| 26:04 | Build | Farm |
| 26:31 | Build | Monastery |
| 26:43 | Build | Mining Camp |
| 27:01 | Create | Villager (Male) |
| 27:04 | Research | Horse Collar |
| 27:11 | Research | Double-Bit Axe |
| 27:16 | Create | Villager (Male) |
| 27:22 | Create | Monk |
| 27:23 | Create | Monk |
| 27:33 | Build | Farm |
| 27:46 | Create | Monk |
| 28:00 | Build | Stone Wall |
| 28:11 | Create | Villager (Male) |
| 28:11 | Create | Villager (Male) |
| 28:11 | Create | Villager (Male) |
| 28:24 | Build | Farm |
| 28:24 | Build | Farm |
| 28:24 | Build | Farm |
| 28:24 | Build | Farm |
| 28:25 | Build | Farm |
| 28:25 | Build | Farm |
| 28:25 | Build | Farm |
| 28:25 | Build | Farm |
| 28:25 | Build | Farm |
| 28:33 | Create | Monk |
| 28:34 | Create | Villager (Male) |
| 28:57 | Create | Villager (Male) |
| 29:08 | Create | Monk |
| 29:23 | Build | Castle |
| 29:28 | Create | Villager (Male) |
| 29:30 | Create | Monk |
| 29:35 | Build | House |
| 29:37 | Build | House |
| 29:37 | Build | House |
| 30:39 | Create | Monk |
| 31:04 | Create | Villager (Male) |
| 31:05 | Create | Villager (Male) |
| 31:05 | Create | Villager (Male) |
| 31:05 | Create | Villager (Male) |
| 31:17 | Create | Monk |
| 32:06 | Build | Mining Camp |
| 32:18 | Create | Monk |
Build order — 张献忠
First 150 of 386 actions detected
| 0:00 | Create | Villager (Male) |
| 0:02 | Build | House |
| 0:02 | Build | House |
| 0:04 | Create | Villager (Male) |
| 0:04 | Create | Villager (Male) |
| 0:04 | Create | Villager (Male) |
| 1:34 | Create | Villager (Male) |
| 1:54 | Build | Mill |
| 1:57 | Create | Villager (Male) |
| 1:57 | Create | Villager (Male) |
| 2:23 | Create | Villager (Male) |
| 2:23 | Create | Villager (Male) |
| 2:33 | Create | Villager (Male) |
| 2:50 | Create | Villager (Male) |
| 2:50 | Create | Villager (Male) |
| 3:26 | Create | Villager (Male) |
| 3:45 | Build | House |
| 3:57 | Create | Villager (Male) |
| 3:57 | Create | Villager (Male) |
| 3:57 | Create | Villager (Male) |
| 4:36 | Create | Villager (Male) |
| 4:36 | Create | Villager (Male) |
| 5:21 | Build | Lumber Camp |
| 5:48 | Create | Villager (Male) |
| 6:17 | Create | Villager (Male) |
| 6:22 | Research | Loom |
| 6:48 | Research | Feudal Age |
| 7:37 | Create | Villager (Male) |
| 7:38 | Create | Villager (Male) |
| 7:50 | Build | House |
| 8:03 | Build | Barracks |
| 8:51 | Create | Villager (Male) |
| 9:06 | Build | House |
| 9:17 | Age | Feudal Age |
| 9:24 | Research | Double-Bit Axe |
| 9:27 | Create | Villager (Male) |
| 9:46 | Build | Watch Tower |
| 9:52 | Create | Villager (Male) |
| 10:13 | Build | Farm |
| 10:17 | Build | Mining Camp |
| 10:40 | Create | Villager (Male) |
| 11:25 | Create | Villager (Male) |
| 11:26 | Create | Villager (Male) |
| 11:26 | Create | Villager (Male) |
| 11:26 | Create | Villager (Male) |
| 11:26 | Create | Villager (Male) |
| 11:32 | Build | Archery Range |
| 11:42 | Create | Villager (Male) |
| 11:50 | Build | Farm |
| 11:52 | Build | House |
| 12:06 | Create | Villager (Male) |
| 12:17 | Build | Outpost |
| 12:23 | Build | Farm |
| 12:33 | Create | Archer |
| 12:33 | Create | Archer |
| 12:34 | Create | Villager (Male) |
| 12:45 | Build | Watch Tower |
| 12:52 | Build | House |
| 13:08 | Build | Farm |
| 13:15 | Create | Villager (Male) |
| 13:45 | Build | House |
| 14:04 | Create | Villager (Male) |
| 14:04 | Create | Villager (Male) |
| 14:05 | Build | Farm |
| 14:14 | Build | Mill |
| 14:17 | Create | Villager (Male) |
| 14:22 | Build | Outpost |
| 14:41 | Create | Archer |
| 14:41 | Create | Villager (Male) |
| 14:51 | Build | Watch Tower |
| 15:02 | Create | Villager (Male) |
| 15:08 | Build | Watch Tower |
| 15:27 | Create | Villager (Male) |
| 15:37 | Build | Blacksmith |
| 15:55 | Create | Archer |
| 15:56 | Create | Villager (Male) |
| 16:10 | Build | Farm |
| 16:48 | Research | Fletching |
| 17:05 | Build | Stable |
| 17:33 | Build | Watch Tower |
| 17:43 | Create | Villager (Male) |
| 17:48 | Create | Villager (Male) |
| 17:51 | Create | Villager (Male) |
| 17:55 | Create | Scout Cavalry |
| 17:55 | Create | Scout Cavalry |
| 18:01 | Build | Watch Tower |
| 18:03 | Create | Villager (Male) |
| 18:12 | Build | Mining Camp |
| 18:34 | Create | Scout Cavalry |
| 18:42 | Build | Watch Tower |
| 18:58 | Create | Scout Cavalry |
| 19:05 | Build | Farm |
| 19:06 | Build | House |
| 19:08 | Create | Archer |
| 19:09 | Create | Villager (Male) |
| 19:23 | Create | Villager (Male) |
| 19:32 | Create | Villager (Male) |
| 19:45 | Build | Watch Tower |
| 19:45 | Create | Villager (Male) |
| 19:51 | Create | Archer |
| 19:53 | Build | Farm |
| 19:56 | Build | Farm |
| 20:13 | Create | Villager (Male) |
| 20:16 | Create | Villager (Male) |
| 20:19 | Create | Villager (Male) |
| 20:20 | Create | Villager (Male) |
| 20:28 | Create | Villager (Male) |
| 20:43 | Build | Farm |
| 20:44 | Build | Farm |
| 20:45 | Build | Farm |
| 20:46 | Build | Farm |
| 20:49 | Create | Villager (Male) |
| 20:49 | Create | Villager (Male) |
| 21:05 | Create | Villager (Male) |
| 21:09 | Create | Villager (Male) |
| 21:10 | Create | Villager (Male) |
| 21:17 | Build | Farm |
| 21:19 | Build | Farm |
| 21:24 | Create | Villager (Male) |
| 22:07 | Build | Mining Camp |
| 22:17 | Create | Archer |
| 22:19 | Create | Archer |
| 22:23 | Create | Villager (Male) |
| 22:25 | Create | Villager (Male) |
| 22:31 | Build | Watch Tower |
| 22:44 | Create | Archer |
| 22:45 | Create | Archer |
| 22:48 | Create | Archer |
| 22:51 | Build | House |
| 22:52 | Build | House |
| 22:53 | Create | Villager (Male) |
| 23:27 | Create | Villager (Male) |
| 23:44 | Create | Villager (Male) |
| 23:44 | Create | Villager (Male) |
| 23:46 | Create | Scout Cavalry |
| 23:46 | Create | Scout Cavalry |
| 23:50 | Build | Farm |
| 23:57 | Research | Castle Age |
| 23:57 | Research | Castle Age |
| 24:08 | Create | Scout Cavalry |
| 24:09 | Create | Archer |
| 24:14 | Build | Farm |
| 24:16 | Build | Farm |
| 24:16 | Build | Farm |
| 24:17 | Build | Farm |
| 24:24 | Create | Scout Cavalry |
| 25:07 | Research | Scale Barding Armor |
| 25:19 | Create | Villager (Male) |
| 25:26 | Build | Stable |
| 26:01 | Build | Farm |
Match timeline
| 8:03 | 张献忠 · first_building Barracks |
| 9:17 | 张献忠 · age_up feudal |
| 10:06 | Lord Snow · age_up feudal |
| 10:13 | Lord Snow · wall_segment Stone Wall x7 |
| 10:16 | Lord Snow · wall_segment Stone Wall x1 |
| 10:17 | Lord Snow · wall_segment Stone Wall x1 |
| 10:38 | Lord Snow · wall_segment Stone Wall x6 |
| 10:41 | Lord Snow · wall_segment Stone Wall x4 |
| 11:32 | 张献忠 · first_building Archery Range |
| 13:02 | Lord Snow · wall_segment Stone Wall x9 |
| 13:37 | Lord Snow · wall_segment Stone Wall x8 |
| 13:47 | Lord Snow · wall_segment Stone Wall x1 |
| 14:12 | Lord Snow · age_up castle |
| 14:16 | Lord Snow · first_building Siege Workshop |
| 14:52 | Lord Snow · first_market_buy 100 wood |
| 17:05 | 张献忠 · first_building Stable |
| 26:31 | Lord Snow · first_building Monastery |
| 26:37 | 张献忠 · age_up castle |
| 28:00 | Lord Snow · wall_segment Stone Wall x1 |
| 28:03 | 张献忠 · first_building Monastery |
| 29:23 | Lord Snow · first_building Castle |
| 33:14 | 张献忠 · first_building Siege Workshop |
| 34:28 | Lord Snow · first_market_sell 500 stone |
| 37:59 | Lord Snow · age_up imperial |
| 40:51 | 张献忠 · resign |
[ AI ANALYSIS · 1 CREDIT ]
What really happened in this match?
Wolo.gg analyzes every decision: build order, eco, micro, common mistakes by bracket. Personalized analysis on WhatsApp or Discord in 30 seconds.
Civ guide
Bohemians
Perfil
Jugador #8242611